[Event "Stockholm Elo Challenge 2019"]
[Site "Stockholm"]
[Date "2019.05.29"]
[Round "1.3"]
[White "Willinger, Tim"]
[Black "Bergstrom, Goran"]
[Result "1-0"]
[ECO "D43"]
[WhiteElo "2073"]
[BlackElo "1675"]
[Annotator "NA"]
[PlyCount "45"]
[EventDate "2019.05.29"]
[EventType "swiss"]
[EventCountry "SWE"]
[SourceTitle "playchess.com"]
[Source "ChessBase"]
[SourceQuality "1"]
[TimeControl "40/5400+30:1800+30"]

1. d4 d5 2. c4 c6 3. Nc3 e6 4. Nf3 Nf6 5. g3 Be7 $11 6. Bg2 O-O 7. O-O Nbd7 8. b3 b6 9. Bb2 Bb7 10. Rc1 dxc4 11. bxc4 c5 12. d5 exd5 13. cxd5 Bd6 14. e4 Re8 15. Re1 Ne5 16. Nh4 Ba6 17. f4 Nd3 18. Qd2 Nxc1 19. Qxc1 g6 20. e5 Qe7 21. Ne4 Nxe4 22. Rxe4 Bd3 23. Qc3 1-0

[Event "Stockholm Elo Challenge 2019"]
[Site "Stockholm"]
[Date "2019.05.29"]
[Round "1.4"]
[White "Glad, Bjorn"]
[Black "Pettersson, Alexander"]
[Result "0-1"]
[ECO "B17"]
[WhiteElo "1665"]
[BlackElo "2045"]
[Annotator "NA RC"]
[PlyCount "72"]
[EventDate "2019.05.29"]
[EventType "swiss"]
[EventCountry "SWE"]
[SourceTitle "playchess.com"]
[Source "ChessBase"]
[SourceQuality "1"]
[TimeControl "40/5400+30:1800+30"]

1. e4 c6 2. d4 d5 3. Nc3 dxe4 4. Nxe4 Nd7 5. Bc4 Ngf6 6. Ng3 e6 7. Nf3 Bd6 8. Qe2 {[%emt 0:02:27] B17: Caro-Kann: Modern Line (4...Nd7)} O-O 9. Bg5 (9. O-O Qc7 10. Re1 b6 11. Ne4 Nxe4 12. Qxe4 Bb7 13. Bd3 g6 14. Qh4 c5 15. Ng5 Nf6 16. dxc5 Qxc5 {½-½ (32) Murx (2538)-Nods (2425) playchess.com INT 2008}) 9... b5 $146 ({Predecessor:} 9... h6 10. h4 Qa5+ 11. c3 Re8 12. O-O-O b5 13. Bb3 b4 14. c4 hxg5 15. hxg5 Bf4+ {0-1 (26) Bennewitz,B (2075)-Efremov,A ICCF email 2007}) 10. Bd3 Qc7 11. Ne4 Bb4+ 12. c3 Be7 13. Nxf6+ Nxf6 14. Bxf6 Bxf6 15. Qe4 g6 16. Bxb5 Bb7 17. Be2 c5 18. Qe3 cxd4 19. cxd4 Bxf3 20. Bxf3 Rab8 21. O-O Rfd8 22. Rac1 (22. Rad1 $11) 22... Qa5 23. Rfd1 Rxb2 24. Qf4 Bg5 25. Qc7 Qxc7 ({But not} 25... Qxa2 $6 26. Ra1 $11) 26. Rxc7 Rxa2 27. d5 exd5 28. Rc5 Be7 29. Rcxd5 Rxd5 30. Bxd5 $17 Rb2 31. f3 Bc5+ 32. Kh1 a5 33. Ra1 a4 34. g4 a3 35. Rc1 Bd6 36. h3 a2 0-1

[Event "Stockholm Elo Challenge 2019"]
[Site "Stockholm"]
[Date "2019.05.29"]
[Round "1.5"]
[White "Sjostrand, Joel"]
[Black "Skahlberg Bjerknes-Lima de Far, Warg"]
[Result "1-0"]
[ECO "A38"]
[WhiteElo "1977"]
[BlackElo "1651"]
[Annotator "NA"]
[PlyCount "53"]
[EventDate "2019.05.29"]
[EventType "swiss"]
[EventCountry "SWE"]
[SourceTitle "playchess.com"]
[Source "ChessBase"]
[SourceQuality "1"]
[TimeControl "40/5400+30:1800+30"]

1. c4 c5 2. g3 Nc6 3. Nc3 g6 4. Bg2 Bg7 5. Nf3 Nf6 6. d4 cxd4 7. Nxd4 O-O 8. O-O Qb6 9. Nxc6 bxc6 10. Nb5 $146 {[%emt 0:08:41] A39: Symmetrical English vs ...g6: 4 Bg2 Bg7 5 Nf3 Nf6 6 0-0 0-0 7 d4} ({Predecessor:} 10. b3 d6 11. Bb2 Rb8 12. Qd2 Be6 13. Rac1 Rfc8 14. Na4 Qd8 15. c5 d5 16. Be5 Ne4 17. Qb2 Bxe5 18. Qxe5 {0-1 (66) Kourousis,E (2391)-Piorun,K (2566) Pardubice 2013}) 10... Bb7 11. Be3 Qa5 12. b4 Qxb4 13. Nc7 Qxc4 14. Nxa8 Rxa8 15. Qd2 Ba6 16. Bf3 Ne4 (16... e5 $11) 17. Qxd7 Bxa1 18. Rxa1 Nc3 19. Bxc6 Rb8 20. Bxa7 Rc8 21. Bf3 Nxe2+ 22. Kg2 Rc7 $2 (22... Nc1 $11 23. h4 Qf1+ 24. Kh2 Qd3 25. Qxd3 Nxd3) 23. Qd8+ Kg7 24. Bxe2 Bb7+ 25. Kf1 Qc1+ (25... Qc6 $142 26. f3 e5) 26. Rxc1 Rxc1+ 27. Bd1 1-0

[Event "Stockholm Elo Challenge 2019"]
[Site "Stockholm"]
[Date "2019.05.29"]
[Round "1.6"]
[White "Isaksson, Philip"]
[Black "Korning, Peter"]
[Result "1/2-1/2"]
[ECO "C48"]
[WhiteElo "1650"]
[BlackElo "1966"]
[Annotator "NA RC"]
[PlyCount "62"]
[EventDate "2019.05.29"]
[EventType "swiss"]
[EventCountry "SWE"]
[SourceTitle "playchess.com"]
[Source "ChessBase"]
[SourceQuality "1"]
[TimeControl "40/5400+30:1800+30"]

1. e4 e5 2. Nf3 Nc6 3. Bb5 Nf6 4. Nc3 Bc5 5. d3 d6 6. h3 {C48: Four Knights: 4 Bb5, replies other than 4...Bb4} h6 7. Be3 (7. O-O O-O 8. a3 Nd4 9. Nxd4 Bxd4 10. Ne2 Bb6 11. Bc4 c6 12. Ba2 d5 13. Ng3 Be6 14. Re1 Re8 15. Be3 dxe4 16. Bxe6 Rxe6 17. dxe4 Bxe3 18. Rxe3 {½-½ (18) Popov,I (2592)-Sargissian,G (2689) St Petersburg 2018}) 7... Bxe3 8. fxe3 Bd7 9. d4 Qe7 $146 ({Predecessor:} 9... a6 10. Bd3 exd4 11. exd4 O-O 12. O-O Ne7 13. Ne2 {1-0 (34) Hua,T (1784)-Tran Minh,H (2035) Ho Chi Minh City 2014}) 10. Qe2 a6 11. Bc4 b5 12. Nd5 Nxd5 13. Bxd5 Rb8 14. O-O O-O 15. Rad1 Nb4 16. Bb3 a5 17. c3 a4 18. Bc2 Nxc2 19. Qxc2 Rbe8 20. Rfe1 Bc6 21. d5 Bd7 22. Rf1 f5 23. exf5 Bxf5 24. e4 Bd7 25. Qe2 Rf4 26. Kh2 Ref8 27. Nd2 Qh4 28. Rxf4 Qxf4+ 29. Kh1 Qf2 30. Qxf2 Rxf2 $11 31. Kg1 Rf4 1/2-1/2

[Event "Stockholm Elo Challenge 2019"]
[Site "Stockholm"]
[Date "2019.05.30"]
[Round "2.1"]
[White "Molin, Nils"]
[Black "Karlsson, Lars"]
[Result "0-1"]
[ECO "B30"]
[WhiteElo "1816"]
[BlackElo "2448"]
[Annotator "ChessBase"]
[PlyCount "60"]
[EventDate "2019.05.29"]
[EventType "swiss"]
[EventCountry "SWE"]
[SourceTitle "playchess.com"]
[Source "ChessBase"]
[SourceQuality "1"]
[TimeControl "40/5400+30:1800+30"]

1. e4 c5 2. Nf3 Nc6 3. g3 g6 4. Bg2 Bg7 5. O-O e5 6. d3 Nge7 7. Bg5 h6 8. Be3 d6 9. Qd2 f5 10. c3 g5 11. exf5 Bxf5 12. Na3 Ng6 13. Rad1 O-O 14. d4 cxd4 15. cxd4 e4 16. Ne1 d5 17. f3 Qe7 18. Nac2 a5 19. a3 a4 20. fxe4 Bxe4 21. Nd3 Na5 22. Qb4 Nc4 23. Rxf8+ Rxf8 24. Qxe7 Nxe7 25. Bxe4 dxe4 26. Nc5 Nd5 27. Bc1 e3 28. Re1 Nd2 29. Bxd2 exd2 30. Rd1 Bxd4+ {[%emt 0:01:19] Rf1} 0-1

[Event "Stockholm Elo Challenge 2019"]
[Site "Stockholm"]
[Date "2019.05.30"]
[Round "2.2"]
[White "Brolin, Viktor"]
[Black "Willinger, Tim"]
[Result "1-0"]
[ECO "B80"]
[WhiteElo "1797"]
[BlackElo "2073"]
[Annotator "NA"]
[PlyCount "110"]
[EventDate "2019.05.29"]
[EventType "swiss"]
[EventCountry "SWE"]
[SourceTitle "playchess.com"]
[Source "ChessBase"]
[SourceQuality "1"]
[TimeControl "40/5400+30:1800+30"]

1. e4 c5 2. Nf3 e6 3. d4 cxd4 4. Nxd4 Nf6 5. Nc3 d6 6. g3 Bd7 7. Bg2 Nc6 8. O-O Be7 9. Ndb5 Qb8 {[%emt 0:01:34] B80: Sicilian Scheveningen: 6 g3 and 6 Be3, including English Attack} 10. Bf4 Ne5 11. Qe2 (11. Bg5 a6 12. Bxf6 gxf6 13. Nd4 h5 14. h4 b5 15. Nce2 Qb6 16. Nf4 Rc8 17. a3 a5 18. c3 b4 19. cxb4 axb4 {0-1 (36) Van den Doel,E (2568)-Van Wely,L (2658) playchess.com INT 2016}) 11... a6 12. Nd4 O-O 13. Rad1 Qc7 14. Rfe1 $146 ({Predecessor:} 14. Nf3 Rfd8 15. Nxe5 dxe5 16. Bg5 h6 17. Bxf6 Bxf6 {½-½ (101) Brugger,H (1915)-Amann,H (2000) Austria 1994}) 14... Rac8 15. Nf3 b5 16. a3 Rfd8 17. h3 Bc6 18. Nd2 Rb8 19. Be3 Ba8 20. f4 Nc4 21. Nxc4 Qxc4 22. Qxc4 bxc4 23. Bd4 Nd7 24. Bf1 e5 25. Nd5 Bxd5 26. exd5 Bf6 27. Bc3 exf4 28. Bxf6 Nxf6 29. Bxc4 fxg3 ({Better is} 29... Rxb2 $17 30. gxf4 Rxc2 31. Bxa6 Ra8) 30. Re3 (30. b4 $15) 30... a5 (30... Rxb2 $19 {is more deadly.} 31. Rc1 a5 32. Rxg3 a4) 31. Rde1 Nd7 (31... Rxb2 $19 {has better winning chances.} 32. Bb3 g6 33. Rxg3 Nd7) 32. Rxg3 Ne5 33. Bb3 Rdc8 34. Re4 f5 35. Ra4 Rc5 36. Rc3 Rxc3 37. bxc3 Rb5 38. Rf4 {[%emt 0:01:01] [#]} g6 $1 39. Kf1 Rc5 $19 40. c4 Kg7 41. Ke2 Kf6 42. h4 h6 43. Kf2 g5 44. hxg5+ hxg5 45. Rd4 f4 46. c3 Rc8 47. Rd1 Rb8 48. Rh1 Rxb3 49. Rh6+ Kf5 50. Rxd6 Rxc3 51. Ra6 Rc2+ 52. Ke1 Nxc4 53. d6 f3 54. Rxa5+ Nxa5 55. d7 Nc6 1-0

[Event "Stockholm Elo Challenge 2019"]
[Site "Stockholm"]
[Date "2019.05.30"]
[Round "2.3"]
[White "Pettersson, Alexander"]
[Black "Viklund, Dick"]
[Result "1-0"]
[ECO "D55"]
[WhiteElo "2045"]
[BlackElo "1826"]
[Annotator "NA"]
[PlyCount "71"]
[EventDate "2019.05.29"]
[EventType "swiss"]
[EventCountry "SWE"]
[SourceTitle "playchess.com"]
[Source "ChessBase"]
[SourceQuality "1"]
[TimeControl "40/5400+30:1800+30"]

1. d4 Nf6 2. c4 e6 3. Nf3 d5 4. Nc3 Be7 5. Bg5 O-O 6. e3 b6 7. cxd5 exd5 8. Qb3 Bb7 {[%emt 0:06:45] D55: Queen's Gambit Declined: 4 Bg5 Be7: Lines without ...h6 and 6...h6 7 Bxf6} 9. Be2 Nbd7 10. O-O Re8 11. Rfd1 c6 12. Rac1 Ne4 (12... Nh5 $11 {remains equal.} 13. Bxe7 Qxe7) 13. Bf4 $146 ({Predecessor:} 13. Bxe7 Qxe7 14. Qa4 a5 15. a3 f5 16. Bf1 g5 {½-½ (65) Galic,K (2097)-Gorupec,M (2070) Sisak 2013}) 13... Bd6 14. Nxe4 Bxf4 15. Ng3 Bc7 16. Bd3 Rc8 17. Qa3 Bb8 18. b4 g6 19. Ba6 Bxa6 20. Qxa6 Qe7 21. a3 Red8 22. Rc2 Rc7 23. Rdc1 Rdc8 24. Qd3 Nf6 25. Qb3 Nd7 $11 26. Ne2 Qd6 27. Nf4 h6 28. h3 g5 29. Nd3 Kg7 30. Qc3 f6 31. Qe1 h5 32. e4 dxe4 33. Qxe4 Qd5 34. Qe3 Kg6 35. h4 g4 36. Nf4+ 1-0

[Event "Stockholm Elo Challenge 2019"]
[Site "Stockholm"]
[Date "2019.05.30"]
[Round "2.4"]
[White "Lindberg, Sture"]
[Black "Sjostrand, Joel"]
[Result "0-1"]
[ECO "B07"]
[WhiteElo "1765"]
[BlackElo "1977"]
[Annotator "NA"]
[PlyCount "81"]
[EventDate "2019.05.29"]
[EventType "swiss"]
[EventCountry "SWE"]
[SourceTitle "playchess.com"]
[Source "ChessBase"]
[SourceQuality "1"]
[TimeControl "40/5400+30:1800+30"]

1. e4 d6 2. d4 Nf6 3. Nc3 e5 4. dxe5 dxe5 5. Qxd8+ Kxd8 6. Bg5 Be7 7. O-O-O+ {[%emt 0:00:16] B07: Pirc Defence: Miscellaneous Systems} Nfd7 (7... Nbd7 8. Bh4 Ne8 9. Bg3 Bd6 10. Nd5 c6 11. Ne3 f6 12. Nf5 Bc7 13. Ne2 g6 14. Ne3 Ke7 15. Nc3 Nb6 16. Bd3 Be6 17. h4 Ng7 18. Bh2 Nh5 19. g3 Bd6 20. Rde1 {½-½ (20) Miladinovic,I (2571)-Damljanovic,B (2579) Herceg Novi 2008}) 8. Bxe7+ Kxe7 9. Nd5+ Kd8 10. c3 $146 ({Predecessor:} 10. Nf3 c6 11. Ne3 Kc7 12. Ng5 Nc5 13. Nxf7 Rf8 14. Nxe5 Nxe4 {1-0 (48) Muehlpfordt,T (1842)-Pichl,M (2064) Bad Homburg 2018}) 10... f6 11. h4 c6 12. Ne3 Kc7 13. h5 Nb6 14. Be2 Be6 15. b3 N8d7 16. Bg4 Bxg4 17. Nxg4 a5 18. Ne3 Nc5 19. f3 Rhd8 20. Nh3 Rd7 21. Rxd7+ Nbxd7 $11 22. Nf2 b5 23. Rd1 b4 24. cxb4 axb4 25. Kb2 Nf8 26. Nc2 Rb8 27. Ne3 Nfe6 28. Nd3 Nxd3+ 29. Rxd3 Nf4 30. Rd1 Rd8 31. Rxd8 Kxd8 32. Kc2 Nxh5 33. Kd3 Nf4+ 34. Kc4 h5 35. Kxb4 h4 36. Ng4 Nxg2 37. Kc5 Kc7 38. a4 Ne1 39. Nh2 g5 40. Kc4 h3 41. Ng4 0-1

[Event "Stockholm Elo Challenge 2019"]
[Site "Stockholm"]
[Date "2019.05.30"]
[Round "2.5"]
[White "Jansson, Gilbert"]
[Black "Gundersen, Ingvar"]
[Result "1-0"]
[ECO "D03"]
[WhiteElo "1892"]
[BlackElo "1808"]
[Annotator "NA"]
[PlyCount "69"]
[EventDate "2019.05.29"]
[EventType "swiss"]
[EventCountry "SWE"]
[SourceTitle "playchess.com"]
[Source "ChessBase"]
[SourceQuality "1"]
[TimeControl "40/5400+30:1800+30"]

1. d4 d5 2. Nf3 Nf6 3. Bg5 e6 4. Nbd2 Nbd7 5. e3 c6 6. c3 Qc7 7. Bd3 Bd6 8. Qe2 h6 9. Bh4 a6 10. e4 dxe4 11. Nxe4 Nxe4 12. Qxe4 Qa5 13. O-O Nf6 14. Bxf6 gxf6 15. Rfe1 Bd7 16. c4 O-O-O 17. c5 Bb8 18. a4 Rhg8 19. b4 Qc7 20. Qh4 f5 21. Ne5 Rdf8 22. Nc4 f6 23. Nd6+ Kd8 24. Bc4 Rg6 25. g3 f4 26. Qxf4 Bc8 27. Bxe6 Bxe6 28. Rxe6 Qh7 29. Rae1 Rgg8 30. Rxf6 Re8 31. Rxe8+ Rxe8 32. Rf8 Qe7 33. Rxe8+ Qxe8 34. Qf6+ Qe7 35. Qh8+ 1-0

[Event "Stockholm Elo Challenge 2019"]
[Site "Stockholm"]
[Date "2019.05.30"]
[Round "2.6"]
[White "Bergqvist, Gustav"]
[Black "Grahn, Vidar"]
[Result "1-0"]
[ECO "D05"]
[WhiteElo "1751"]
[BlackElo "1891"]
[Annotator "NA"]
[PlyCount "41"]
[EventDate "2019.05.29"]
[EventType "swiss"]
[EventCountry "SWE"]
[SourceTitle "playchess.com"]
[Source "ChessBase"]
[SourceQuality "1"]
[TimeControl "40/5400+30:1800+30"]

1. d4 d5 2. Nf3 Nf6 3. e3 e6 4. Bd3 c5 5. b3 Be7 6. Bb2 O-O 7. O-O b6 8. Nbd2 Bb7 9. Ne5 Nfd7 10. f4 f6 11. Qh5 f5 12. Ndf3 Nf6 13. Qh3 Ne4 14. Rae1 Rf6 15. g4 g6 16. Bxe4 dxe4 17. Ng5 h5 18. gxh5 Bd6 19. hxg6 Qe7 20. Nef7 Qc7 21. Qh8# 1-0

[Event "Stockholm Elo Challenge 2019"]
[Site "Stockholm"]
[Date "2019.05.30"]
[Round "3.1"]
[White "Karlsson, Lars"]
[Black "Jansson, Gilbert"]
[Result "1-0"]
[ECO "A30"]
[WhiteElo "2448"]
[BlackElo "1892"]
[Annotator "ChessBase"]
[PlyCount "61"]
[EventDate "2019.05.29"]
[EventType "swiss"]
[EventCountry "SWE"]
[SourceTitle "playchess.com"]
[Source "ChessBase"]
[SourceQuality "1"]
[TimeControl "40/5400+30:1800+30"]

1. c4 c5 2. g3 Nf6 3. Bg2 d6 4. Nc3 a6 5. e3 Qc7 6. Nge2 Nc6 7. h3 e6 8. d4 cxd4 9. exd4 Be7 10. O-O O-O 11. Be3 Bd7 12. Rc1 Rac8 13. d5 Ne5 14. b3 Qb8 15. f4 Ng6 16. dxe6 fxe6 17. Nd4 e5 18. Nde2 Bc6 19. Nd5 Nxd5 20. Bxd5+ Bxd5 21. Qxd5+ Rf7 22. f5 Nh8 23. Nc3 Rc6 24. Ne4 Qd8 25. Rcd1 Kf8 26. c5 h6 27. cxd6 Bf6 28. d7 Rc7 29. Bc5+ Kg8 30. Nxf6+ gxf6 31. Be7 1-0

[Event "Stockholm Elo Challenge 2019"]
[Site "Stockholm"]
[Date "2019.05.30"]
[Round "3.2"]
[White "Willinger, Tim"]
[Black "Bergqvist, Gustav"]
[Result "1/2-1/2"]
[ECO "D35"]
[WhiteElo "2073"]
[BlackElo "1751"]
[Annotator "NA"]
[PlyCount "75"]
[EventDate "2019.05.29"]
[EventType "swiss"]
[EventCountry "SWE"]
[SourceTitle "playchess.com"]
[Source "ChessBase"]
[SourceQuality "1"]
[TimeControl "40/5400+30:1800+30"]

1. d4 d5 2. c4 e6 3. Nc3 Nf6 4. cxd5 exd5 5. Bg5 c6 6. e3 Bb4 7. Bd3 O-O 8. Qc2 h6 9. Bh4 Be6 10. Nge2 Re8 11. O-O Bd6 12. Kh1 Nbd7 13. f3 Qc7 14. Bg3 Bxg3 15. Nxg3 Nb6 16. Rad1 Rad8 17. e4 dxe4 18. fxe4 Ng4 19. Qc1 Nc4 20. Bxc4 Bxc4 21. Rf4 Be6 22. e5 f6 23. exf6 Nxf6 24. Nf5 Bxf5 25. Rxf5 Ng4 26. Qf4 Qxf4 27. Rxf4 Ne3 28. Re1 Nd5 29. Rfe4 Nf6 30. Rxe8+ Rxe8 31. Rxe8+ Nxe8 32. d5 cxd5 33. Nxd5 Kf7 34. Kg1 Ke6 35. Nc3 Ke5 36. Kf2 Nd6 37. Ke2 Nc4 38. Nd1 1/2-1/2

[Event "Stockholm Elo Challenge 2019"]
[Site "Stockholm"]
[Date "2019.05.30"]
[Round "3.3"]
[White "Sjostrand, Joel"]
[Black "Pettersson, Alexander"]
[Result "0-1"]
[ECO "A14"]
[WhiteElo "1977"]
[BlackElo "2045"]
[Annotator "NA RC"]
[PlyCount "100"]
[EventDate "2019.05.29"]
[EventType "swiss"]
[EventCountry "SWE"]
[SourceTitle "playchess.com"]
[Source "ChessBase"]
[SourceQuality "1"]
[TimeControl "40/5400+30:1800+30"]

1. c4 e6 2. g3 d5 3. Bg2 Nf6 4. Nf3 Be7 5. O-O O-O 6. b3 c6 7. Bb2 b6 8. d3 Bb7 9. Nbd2 {[%emt 0:00:06] A14: English Opening: 1...e6 with b3 by White} c5 (9... dxc4 10. bxc4 c5 11. Bc3 Nc6 12. Qc2 Qc7 13. Qb2 Rfd8 14. Rfb1 Ne8 15. Ne4 h6 16. a4 f5 {1-0 (46) Pantsulaia,L (2607)-Atabayev,M (2492) Doha 2016}) 10. cxd5 Bxd5 11. Nc4 Nbd7 12. Qc2 b5 $146 ({Predecessor:} 12... Rc8) 13. Ne3 Bb7 14. a4 a6 15. axb5 axb5 16. Rxa8 Bxa8 17. Ra1 Qb6 18. Qc3 Bb7 19. Ng4 Ra8 20. Rxa8+ Bxa8 21. Nxf6+ Nxf6 22. Ne5 Bxg2 23. Kxg2 Qb7+ 24. e4 Qa8 25. Nd7 Qa7 26. Nxf6+ Bxf6 27. Qc1 Bxb2 28. Qxb2 f6 29. b4 Kf7 30. Qc3 cxb4 31. Qxb4 Qa4 32. Qd6 b4 33. h4 Qb5 34. g4 Qb7 35. Qd4 b3 36. Qb2 Qb4 37. h5 {[%emt 0:01:28] [#]} (37. Kf3 $17 {was necessary.}) 37... Qb5 $1 38. Qb1 b2 39. Kf3 Qb3 40. Ke2 Ke7 41. Kd2 Kd6 42. f4 e5 43. g5 (43. fxe5+ $142 Kxe5 44. Ke3) 43... fxg5 44. fxe5+ Kxe5 45. Ke2 g4 46. Kf2 Kd4 47. Ke2 Kc5 48. e5 Kb4 49. d4 Qf3+ 50. Kd2 Qf2+ 0-1

[Event "Stockholm Elo Challenge 2019"]
[Site "Stockholm"]
[Date "2019.05.30"]
[Round "3.4"]
[White "Storskog, Thomas"]
[Black "Tran, Alva Ling"]
[Result "0-1"]
[ECO "A00"]
[WhiteElo "1790"]
[BlackElo "1616"]
[Annotator "NA RC"]
[PlyCount "140"]
[EventDate "2019.05.29"]
[EventType "swiss"]
[EventCountry "SWE"]
[SourceTitle "playchess.com"]
[Source "ChessBase"]
[SourceQuality "1"]
[TimeControl "40/5400+30:1800+30"]

1. Nc3 d5 2. e4 dxe4 3. Nxe4 e5 4. Nf3 Qd5 5. Qe2 Nc6 6. Nc3 Qe6 7. Nb5 Qe7 8. d3 Nf6 9. a3 a6 10. Nc3 Bg4 11. Bg5 O-O-O 12. O-O-O Nd4 13. Qe3 Bxf3 14. gxf3 Qc5 15. Bxf6 gxf6 16. Bh3+ Kb8 17. Qe4 Qa5 18. Ne2 Nb5 19. a4 Nd4 20. Nc3 Bb4 21. Kd2 Qxa4 22. Rc1 Qa2 23. Kd1 Qxb2 24. Ne2 Nxe2 25. Kxe2 Qc3 26. Rhd1 Ba3 27. Rb1 Qxc2+ 28. Kf1 b6 29. Bg2 Bc5 30. Qh4 Rhg8 31. Rbc1 Qb2 32. Rxc5 bxc5 33. Qe4 Qc2 34. Qe1 Rd6 35. Rb1+ Rb6 36. Rd1 Qa4 37. d4 Qc4+ 38. Kg1 cxd4 39. Qe4 Qa4 40. Rc1 Rg7 41. f4 Rxg2+ 42. Kxg2 Qa5 43. Qxh7 Qd2 44. Rb1 Ka7 45. Rxb6 Kxb6 46. Qxf7 Qxf4 47. Qb3+ Ka7 48. Qc4 Qe4+ 49. Kg1 Qb1+ 50. Kg2 Qb6 51. h4 f5 52. h5 e4 53. Qd5 d3 54. Qd8 f4 55. h6 f3+ 56. Kg3 Qg6+ 57. Kf4 Qxh6+ 58. Kxe4 Qc6+ 59. Ke3 Qc3 60. Kxf3 d2+ 61. Ke2 a5 62. Qxd2 Qxd2+ 63. Kxd2 Kb6 64. Kc3 c5 65. Kb3 Kc6 66. Kc4 a4 67. f4 Kd6 68. Kc3 Ke6 69. Kc4 Kf5 70. Kxc5 a3 0-1

[Event "Stockholm Elo Challenge 2019"]
[Site "Stockholm"]
[Date "2019.05.30"]
[Round "3.6"]
[White "Johansson, Christer"]
[Black "Korning, Peter"]
[Result "0-1"]
[ECO "E63"]
[WhiteElo "1752"]
[BlackElo "1966"]
[Annotator "NA"]
[PlyCount "74"]
[EventDate "2019.05.29"]
[EventType "swiss"]
[EventCountry "SWE"]
[SourceTitle "playchess.com"]
[Source "ChessBase"]
[SourceQuality "1"]
[TimeControl "40/5400+30:1800+30"]

1. d4 g6 2. Nf3 Bg7 3. g3 Nf6 4. Bg2 O-O 5. O-O d6 6. c4 Nc6 7. Nc3 a6 8. Bg5 h6 9. Bxf6 Bxf6 10. Nd5 Bg7 11. h3 Rb8 12. Rc1 Bd7 13. e4 e6 14. Ne3 e5 15. dxe5 dxe5 16. Qd2 Nd4 17. Rfd1 Bxh3 18. Nxd4 Bxg2 19. Kxg2 exd4 20. Nd5 c6 21. Nb4 Re8 22. f3 Qa5 23. a3 Rbd8 24. c5 Qc7 25. Rc4 f5 26. Qd3 fxe4 27. fxe4 Qe5 28. Re1 Rf8 29. Rc2 Rd7 30. Qb3+ Kh7 31. Nd3 Qg5 32. Rf2 Rxf2+ 33. Nxf2 Qxc5 34. Nd3 Qg5 35. Re2 h5 36. e5 h4 37. Nc5 d3 0-1

[Event "Stockholm Elo Challenge 2019"]
[Site "Stockholm"]
[Date "2019.05.31"]
[Round "4.1"]
[White "Pettersson, Alexander"]
[Black "Karlsson, Lars"]
[Result "0-1"]
[ECO "A42"]
[WhiteElo "2045"]
[BlackElo "2448"]
[Annotator "ChessBase"]
[PlyCount "98"]
[EventDate "2019.05.29"]
[EventType "swiss"]
[EventCountry "SWE"]
[SourceTitle "playchess.com"]
[Source "ChessBase"]
[SourceQuality "1"]
[TimeControl "40/5400+30:1800+30"]

1. d4 g6 2. c4 Bg7 3. Nc3 d6 4. e4 Nc6 5. Be3 e5 6. d5 Nd4 7. Nge2 Nxe2 8. Bxe2 f5 9. exf5 gxf5 10. f4 e4 11. Bh5+ Kf8 12. Bd4 Bxd4 13. Qxd4 Qf6 14. O-O-O Qxd4 15. Rxd4 Nf6 16. Be2 Rg8 17. Rg1 Bd7 18. Kd2 Ke7 19. Ke3 a6 20. Rd2 c5 21. dxc6 Bxc6 22. g3 h5 23. h3 Rg6 24. Bd1 Rc8 25. Rdg2 Bd7 26. Be2 Rcg8 27. Kf2 Bc6 28. Ke3 b5 29. cxb5 axb5 30. a3 Bd7 31. Bf1 Rb8 32. Na2 Nd5+ 33. Kd4 Be6 34. Nc3 Nxc3 35. bxc3 Rgg8 36. Be2 Rgc8 37. Rb1 Rc5 38. Rgg1 Bc4 39. Bxh5 Rd5+ 40. Ke3 Rd3+ 41. Kf2 Rxc3 42. Rgc1 Rxc1 43. Rxc1 Ra8 44. Rc3 d5 45. Ke3 Kd6 46. Kd4 Ra4 47. Ke3 Kc5 48. Kd2 d4 49. Rc1 Rxa3 0-1

[Event "Stockholm Elo Challenge 2019"]
[Site "Stockholm"]
[Date "2019.05.31"]
[Round "4.2"]
[White "Tran, Alva Ling"]
[Black "Willinger, Tim"]
[Result "0-1"]
[ECO "B26"]
[WhiteElo "1616"]
[BlackElo "2073"]
[Annotator "NA"]
[PlyCount "90"]
[EventDate "2019.05.29"]
[EventType "swiss"]
[EventCountry "SWE"]
[SourceTitle "playchess.com"]
[Source "ChessBase"]
[SourceQuality "1"]
[TimeControl "40/5400+30:1800+30"]

1. e4 c5 2. Nc3 Nc6 3. g3 g6 4. Bg2 Bg7 5. d3 d6 6. Nge2 e5 7. O-O Nge7 8. Be3 O-O 9. Qd2 Nd4 10. f4 Be6 11. h3 {[%emt 0:02:42] B26: Closed Sicilian: 3 g3, lines with early Be3} (11. Rf2 Qd7 12. Raf1 f6 13. Nd5 Nxd5 14. exd5 Nxe2+ 15. Rxe2 Bg4 16. Ree1 exf4 17. Bxf4 Rae8 18. d4 g5 19. Be3 b6 20. dxc5 dxc5 {1-0 (36) Bachmann,A (2621)-Perez Ponsa,F (2554) Buenos Aires 2018}) 11... Qd7 12. g4 Nxe2+ 13. Qxe2 exf4 14. Bxf4 Rae8 15. Rae1 Nc6 16. Qd2 Qd8 $146 ({Predecessor:} 16... Ne5 17. Bh6 Bxh6 18. Qxh6 f6 {0-1 (33) Hohner,K (2030)-Bogdanovich,G (2365) Erlangen 2002}) 17. Bh6 Qb6 18. Bxg7 Kxg7 19. b3 Qb4 20. Rf2 f6 21. a3 Qb6 22. Ne2 Nd4 23. Nxd4 cxd4 24. Qb4 Qxb4 25. axb4 Rc8 26. b5 b6 27. Ra1 Rc7 28. Ra4 Rfc8 29. Rxd4 Rxc2 30. Rxc2 Rxc2 31. Rxd6 Bxb3 32. Rd7+ Kh6 33. Rxa7 Rd2 34. Rd7 Kg5 (34... Bc4 $11 {keeps the balance.}) 35. d4 (35. Bf1 $14) 35... Kf4 36. d5 Kg3 37. Bf1 Rd1 38. Rc7 $1 Ba4 39. Rc3+ $1 Kf4 40. Rd3 $2 {[%emt 0:02:32] [#]} (40. Kf2 $11) 40... Rxf1+ $1 41. Kxf1 Bxb5 42. Ke2 Kxe4 43. d6 Bxd3+ 44. Kd2 Bb5 45. Kc3 Kd5 0-1

[Event "Stockholm Elo Challenge 2019"]
[Site "Stockholm"]
[Date "2019.05.31"]
[Round "4.3"]
[White "Bergqvist, Gustav"]
[Black "Mayrany, Fargalla"]
[Result "1-0"]
[ECO "C00"]
[WhiteElo "1751"]
[BlackElo "1863"]
[Annotator "NA"]
[PlyCount "85"]
[EventDate "2019.05.29"]
[EventType "swiss"]
[EventCountry "SWE"]
[SourceTitle "playchess.com"]
[Source "ChessBase"]
[SourceQuality "1"]
[TimeControl "40/5400+30:1800+30"]

1. e4 e6 2. d4 b6 3. Nf3 Bb7 4. Bd3 c5 5. c3 Nf6 6. e5 Nd5 7. O-O Nc6 {[%emt 0:02:03] B00: Queen's Fianchetto Defence, Nimzowitsch Defence} 8. Be3 $146 ({Predecessor:} 8. Be4 cxd4 9. Bxd5 exd5 10. Nxd4 Nxd4 11. cxd4 d6 12. Bf4 dxe5 13. Bxe5 f6 14. Bg3 Kf7 15. Nc3 {½-½ (62) Ni,H (2662)-Khairullin,I (2649) Khanty-Mansiysk 2011}) 8... cxd4 9. cxd4 Ncb4 10. a3 Nxd3 11. Qxd3 Be7 12. Nc3 O-O 13. Ne4 f5 14. exf6 Nxf6 15. Nfd2 a5 16. Rfe1 Qe8 17. f3 Qh5 18. Ng3 Qf7 19. Nde4 Nxe4 20. Nxe4 Qg6 21. Nf2 Qh5 22. Ne4 Bh4 23. Bf2 Be7 24. Bg3 Qd5 25. Nc3 Qh5 26. Re5 Qf7 27. Rae1 Bd6 28. Rg5 Bxg3 29. hxg3 Qe7 30. Rge5 Rf6 31. Ne4 Rg6 32. d5 Re8 33. dxe6 Rxe6 {[%emt 0:01:14] [#]} (33... dxe6 $16 {is a better defense.} 34. Qb5 Bxe4 35. R1xe4 (35. R5xe4 Qd8 $16) 35... Qd8) 34. Ng5 $1 {[%emt 0:01:29] Discovered Attack} Qxg5 35. Rxg5 Rxe1+ 36. Kh2 Bc6 37. Qc3 g6 38. Qb3+ Kg7 (38... R8e6 {is a better defense.} 39. Qxb6 R1e2 40. Qb8+ (40. Qxa5 Bxf3 41. Rd5 Bxd5 $14) 40... Kg7) 39. Qxb6 Bxf3 $2 (39... a4 40. Qd4+ Kg8) 40. gxf3 R1e2+ $18 41. Kh3 Re1 42. Qd4+ Kh6 43. Rh5+ 1-0